 Dungeon Crawl Stone Soup version 0.31-a0-345-g1ebeae05c6 (webtiles) character file.

Game seed: 1612738234301319725

3573 Sabo the Spear-Bearer (level 9, -6/69 HPs)
             Began as a Demonspawn Monk on July 22, 2023.
             Was a Priest of Qazlal.
             Mangled by a boulder beetle (31 damage)
             ... on level 8 of the Dungeon.
             The game lasted 00:37:40 (7249 turns).

Sabo the Spear-Bearer (Demonspawn Monk)             Turns: 7249, Time: 00:37:41

Health: -6/69      AC: 34    Str: 16    XL:     9   Next: 84%
Magic:  9/9        EV:  9    Int: 11    God:    Qazlal [***...]
Gold:   341        SH:  4    Dex: 16    Spells: 8/8 levels left

rFire   . . .        i - +1 trident (protect)
rCold   . . .        d - orb {light}
rNeg    . . .        A - +2 chain mail {rPois}
rPois   +            (helmet restricted)
rElec   .            f - +0 cloak
rCorr   .            o - +0 pair of gloves
SInv    .            (no boots)
Will    .....        (no amulet) Stlth
                     F - +4 ring of slaying
HPRegen 0.31/turn    E - +4 ring of protection
MPRegen 0.11/turn

%: no passive effects
@: sanguine armoured, under a protective aura, glowing
A: horns 1, spiny 2, sanguine armour 2
a: Renounce Religion, Upheaval, Elemental Force


You were on level 8 of the Dungeon.
You worshipped Qazlal.
Qazlal was most pleased with you.
You visited 2 branches of the dungeon, and saw 9 of its levels.

You collected 476 gold pieces.
You spent 135 gold pieces at shops.

Inventory:

Hand Weapons
 a - a +0 hand axe
 i - a +1 trident of protection (weapon)
 C - a +3 rapier
 H - a +0 arbalest
Missiles
 g - 10 poisoned darts
 j - 4 datura-tipped darts
 k - 4 javelins
 q - 4 silver javelins
 D - 11 boomerangs
Armour
 d - an orb of light (worn)
 f - a +0 cloak (worn)
 o - a +0 pair of gloves (worn)
 A - a +2 chain mail of poison resistance (worn)
Jewellery
 p - a ring of flight
 y - an amulet of faith
 E - a +4 ring of protection (right hand)
 F - a +4 ring of slaying (left hand)
Talismans
 l - a beast talisman
Wands
 e - a wand of light (23)
 K - a wand of mindburst (12)
Scrolls
 h - 6 scrolls of teleportation
 r - 2 scrolls of blinking
 s - a scroll of poison
 t - a scroll of fog
 v - 3 scrolls of summoning
 x - a scroll of revelation
 J - a scroll of silence {unknown}
Potions
 b - a potion of mutation
 c - a potion of ambrosia
 m - 4 potions of curing
 n - a potion of resistance
 u - 2 potions of brilliance {unknown}
 w - 3 potions of haste
 z - 3 potions of cancellation
 B - 2 potions of heal wounds {unknown}
 G - a potion of magic {unknown}
 I - a potion of enlightenment {unknown}


   Skills:
 + Level 6.3 Fighting
 + Level 3.7(6.7) Axes
 + Level 8.7(9.1) Polearms
 + Level 5.8 Armour
 + Level 4.8 Dodging
 + Level 0.4 Stealth
 + Level 1.7 Shields


You had 8 spell levels left.
You didn't know any spells.
Your spell library contained the following spells:

 Spells                   Type           Power      Damage    Failure   Level
 Stone Arrow              Conj/Erth      0%         3d7       100%        3
 Animate Armour           Summ/Erth      0%         N/A       100%        4
 Lehudib's Crystal Spear  Conj/Erth      0%         10d2      100%        8


Dungeon Overview and Level Annotations

Branches:
Dungeon (8/15)             Temple (1/1) D:4
   Lair: D:8-11

Altars:
Ashenzari
Cheibriados
Dithmenos
Fedhas
Gozag
Hepliaklqana
Kikubaaqudgha
Makhleb
Nemelex Xobeh
Okawaru
Qazlal
Ru
Sif Muna
Trog
Uskayaw
Vehumet
Wu Jian
Xom
Yredelemnul

Shops:
D:1 [   D:4 [


Innate Abilities, Weirdness & Mutations

You have a pair of small horns on your head.
You are mostly covered in sharp spines.
When seriously injured, your blood forms thick armour. (AC +9)


Message History

You kill the jelly!
Qazlal accepts your kill.
You start resting.
A boulder beetle comes into view.
The boulder beetle leaps!
You see here a killer bee corpse.
The boulder beetle leaps!
You see here a killer bee corpse.
You see here a killer bee corpse.
The boulder beetle is struck by your spines.
The boulder beetle bites you but does no damage.
You hit the boulder beetle but do no damage.
Your weapon exudes an aura of protection.
The boulder beetle is lightly wounded.
The boulder beetle bites you!
Your blood congeals into armour.
You hit the boulder beetle but do no damage.
The boulder beetle is lightly wounded.
You block the boulder beetle's attack.
You hit the boulder beetle but do no damage.
You headbutt the boulder beetle.
The boulder beetle is lightly wounded.
The boulder beetle bites you!
You puncture the boulder beetle!
The boulder beetle is lightly wounded.
You puncture the boulder beetle!
You headbutt the boulder beetle, but do no damage.
The boulder beetle is moderately wounded.
The boulder beetle bites you but does no damage.
You hit the boulder beetle but do no damage.
You headbutt the boulder beetle.
The boulder beetle is moderately wounded.
The boulder beetle leaps!
The boulder beetle curls into a ball and begins rolling!
You see here a killer bee corpse.
You see here a killer bee corpse.
You puncture the boulder beetle!
Your weapon exudes an aura of protection.
The boulder beetle is moderately wounded.
The boulder beetle hits you!!
You die...

........ .##
.......##. ..
........> ..
......... ##.
#......# ###...
#......## ......#
####<†......
#.(.##.○.○....###
#....°°B@†...#
....(.###.○§..####
..### #........#
#........#
#........#
..........#
############


You could see a boulder beetle (rolling).

Vanquished Creatures
  The ghost of Pokonic1 the Fighter, a novice GrMo (D:7)
  Maggie (D:7)
  A troll (D:6)
  Prince Ribbit (D:6)
  Sigmund (D:2)
  A wyvern (D:7)
  A steam dragon (D:7)
  2 water moccasins
  A sky beast (D:7)
  2 ogres
  2 phantoms
  A kobold brigand (D:6)
  A scorpion (D:6)
  A bullfrog (D:7)
  Blork the orc (D:4)
  6 killer bees (D:8)
  A howler monkey (D:4)
  2 centaur zombies (D:7)
  2 hounds (D:4)
  A jelly (D:8)
  Crazy Yiuf (D:2)
  An orc priest (D:5)
  2 sleepcaps
  2 gnoll boudas
  4 iguanas
  3 orc wizards
  5 adders
  9 gnolls
  3 shadow imps
  2 white imps
  An ufetubus (D:6)
  2 dart slugs
  3 worms
  8 orcs
  9 bats
  7 endoplasms
  2 giant cockroaches
  4 goblins
  6 hobgoblins
  11 jackals
  8 kobolds
  2 quokkas
  3 ball pythons
  3 frilled lizards
  3 rats
134 creatures vanquished.

Notes
Turn   | Place    | Note
-------+----------+-------------------------------------------
     0 | D:1      | Sabo the Demonspawn Monk began the quest for the Orb.
     0 | D:1      | Reached XP level 1. HP: 18/18 MP: 1/1
   371 | D:1      | Gained mutation: When seriously injured, your blood forms
                  | armour. (AC +9) [demonic ancestry]
   371 | D:1      | Reached XP level 2. HP: 22/24 MP: 2/2
   587 | D:1      | Found Odduxtus's Armour Boutique.
   835 | D:2      | Found a runed translucent door.
  1053 | D:2      | Noticed Sigmund
  1076 | D:2      | Killed Sigmund
  1077 | D:2      | Reached skill level 1 in Polearms
  1077 | D:2      | Gained mutation: When seriously injured, your blood forms
                  | thick armour. (AC +9) [demonic ancestry]
  1077 | D:2      | Reached XP level 3. HP: 22/30 MP: 3/3
  1077 | D:2      | Reached XP level 4. HP: 28/37 MP: 4/4
  1077 | D:2      | Reached XP level 5. HP: 32/42 MP: 5/5
  1254 | D:2      | Identified the +3 hand axe of the Empty Page {holy, *Rage
                  | rC+ Stlth+}
  1319 | D:2      | Reached skill level 1 in Armour
  1981 | D:2      | Noticed Crazy Yiuf
  1993 | D:2      | Killed Crazy Yiuf
  1994 | D:2      | Reached skill level 2 in Polearms
  2648 | D:3      | Gained mutation: You are partially covered in sharp spines.
                  | [demonic ancestry]
  2648 | D:3      | Reached XP level 6. HP: 48/48 MP: 6/6
  2930 | D:4      | Found Maoment's Armour Boutique.
  2944 | D:4      | Bought a +1 chain mail of poison resistance for 135 gold
                  | pieces
  2978 | D:4      | Found an ornate altar of the Wu Jian Council.
  2984 | D:4      | Noticed a spectral centipede
  2984 | D:4      | Noticed a spectral black mamba
  2984 | D:4      | Noticed a spectral cane toad
  3117 | D:4      | Reached skill level 3 in Polearms
  3356 | D:4      | Found a staircase to the Ecumenical Temple.
  3372 | Temple   | Entered the Ecumenical Temple
  3435 | Temple   | Became a worshipper of Qazlal Stormbringer
  3435 | Temple   | Reached * piety under Qazlal
  3435 | Temple   | Reached ** piety under Qazlal
  3743 | D:4      | Noticed Blork the orc
  3750 | D:4      | Killed Blork the orc
  3853 | D:4      | Reached skill level 4 in Polearms
  3961 | D:5      | Entered Level 5 of the Dungeon
  4027 | D:5      | Gained mutation: You have a pair of small horns on your
                  | head. [demonic ancestry]
  4027 | D:5      | Reached XP level 7. HP: 51/54 MP: 7/7
  4473 | D:5      | Reached skill level 5 in Polearms
  5001 | D:6      | Noticed Prince Ribbit
  5006 | D:6      | Killed Prince Ribbit
  5007 | D:6      | Reached XP level 8. HP: 50/61 MP: 8/8
  5065 | D:6      | Reached skill level 6 in Polearms
  5249 | D:6      | Reached skill level 5 in Fighting
  5552 | D:6      | Noticed a troll
  5561 | D:6      | Killed a troll
  5707 | D:6      | Reached skill level 7 in Polearms
  6091 | D:7      | Reached *** piety under Qazlal
  6329 | D:7      | Gained mutation: You are mostly covered in sharp spines.
                  | [demonic ancestry]
  6329 | D:7      | Reached XP level 9. HP: 58/68 MP: 9/9
  6411 | D:7      | Reached skill level 1 in Shields
  6685 | D:7      | Found a runed translucent gate.
  6685 | D:7      | Found a runed translucent gate.
  6685 | D:7      | Found a runed translucent gate.
  6685 | D:7      | Noticed Pokonic1's ghost (novice GrMo)
  6687 | D:7      | Found a basalt altar of Yredelemnul.
  6722 | D:7      | Killed Pokonic1's ghost
  6723 | D:7      | Reached skill level 8 in Polearms
  6723 | D:7      | Reached skill level 5 in Armour
  6997 | D:7      | Noticed Maggie
  7015 | D:7      | Killed Maggie
  7229 | D:8      | Noticed a boulder beetle
  7249 | D:8      | Mangled by a boulder beetle

Illustrated notes

Levels and vault maps discovered:
D:1:      spicycebolla_arrival_ecumenical, layout_basic, serial_shops, shop,
          minmay_misc_feat_rows
D:2:      layout_basic, minmay_pentomino_u4, uniq_crazy_yiuf_cottage,
          uniq_sigmund
D:3:      layout_rooms
D:4:      layout_basic, pdpol_wu_jian_five_deadly_venoms,
          minmay_temple_entry_statues_fountains, serial_shops,
          nicolae_shop_crystal, minmay_misc_feat_four_crosses,
          uniq_blork_the_orc
D:5:      layout_basic, elyvilon_altar_4
D:6:      layout_loops_ring, uniq_prince_ribbit1
D:7:      layout_cave_pods, nicolae_yredelemnul_ghost_church, uniq_maggie
D:8:      layout_rooms, grunt_decor_arrowhead
Temple:   nicolae_temple_bog_church

Skill      XL: |  1  2  3  4  5  6  7  8  9 |
---------------+----------------------------+-----
Axes           | 3 |  3.7
Polearms       | 1 2 4 5 7 8 |  8.7
Dodging        | 3 4 |  4.8
Armour         | 1 2 3 4 5 |  5.8
Fighting       | 4 5 6 |  6.3
Shields        | 1 |  1.7
Stealth        | |  0.4

Action                     |  1- 3 |  4- 6 |  7- 9 || total
---------------------------+-------+-------+-------++-------
  Melee: Hand axe          |    10 |       |       ||    10
         Trident           |    38 |   157 |   199 ||   394
         Headbutt          |       |       |    62 ||    62
    Use: Scroll            |     4 |     7 |     6 ||    17
         Potion            |       |     1 |     1 ||     2
 Armour: Ring mail         |    25 |    32 |       ||    57
         Chain mail        |       |   161 |   141 ||   302
  Dodge: Dodged            |    31 |   124 |    73 ||   228
  Block: Orb               |       |     2 |    18 ||    20

Table legend: (Time is in decaauts)
 A = Elapsed time spent in this place.
 B = Non-inter-level travel time spent in this place.
 C = Inter-level travel time spent in this place.
 D = Time resting spent in this place.
 E = Time spent auto-exploring this place.
 F = Levels seen in this place.
 G = Mean time per level.
                   A        B        C        D        E       F      G
               +--------+--------+--------+--------+--------+-----+--------+
         Total |   7265 |   7265 |      0 |   1177 |      0 |   9 |  807.2 |
       Dungeon |   7184 |   7184 |      0 |   1177 |      0 |   8 |  898.0 |
        Temple |     80 |     80 |      0 |      0 |      0 |   1 |   80.0 |
               +--------+--------+--------+--------+--------+-----+--------+

Top non-repeatable levels by time:
     D:2: 1431 daAuts
     D:7: 1119 daAuts
     D:6: 1104 daAuts
     D:5: 1013 daAuts
     D:4: 958 daAuts
     D:3: 763 daAuts
     D:1: 755 daAuts
  Temple: 80 daAuts
     D:8: 39 daAuts
